Map: Ruby Rock LE

Players

INexorable

  • Race: Terran Terran
  • Spawn Location: 11:00

A.I. 1 (Very Easy) - Winner!

  • Race: Zerg Zerg
  • Spawn Location: 5:00

VOD

Have the link to the VOD?

Description

Time

  • Played on: Dec. 29, 2025, 1:12 p.m.
  • Length: 10:09
Show
View Real Time Build Order
Export as new Build Order

INexorable Terran 

Build Orders: Reaper Expand 

Get SALT Encoding   

  12  0:00  SCV  
  13  0:12  SCV  
  14  0:16  Supply Depot  
  14  0:24  SCV  
  15  0:38  SCV  
  15  0:39  Barracks  
  15  0:42  Refinery  
  16  0:50  SCV  
  17  1:02  SCV  
  18  1:14  SCV  
  19  1:25  Reaper  
  19  1:26  Orbital Command  
  20  1:38  Command Center  
  20  1:47  Supply Depot  
  20  1:52  SCV  
  21  1:57  Marine  
  22  2:04  SCV  
  23  2:11  Factory  
  23  2:16  SCV  
  23  2:19  Barracks Reactor  
  24  2:28  SCV  
  25  2:37  Command Center  
  25  2:40  SCV  
  26  2:50  Orbital Command  
  26  2:55  SCV  
  27  2:58  Barracks  
  27  3:07  SCV  
  27  3:09  Hellion  
  27  3:10  Hellion  
  32  3:13  Barracks Tech Lab  
  32  3:17  SCV  
  32  3:19  Refinery, SCV  
  34  3:29  SCV  
  34  3:31  SCV  
  34  3:32  Marine  
  34  3:33  Stimpack  
  37  3:41  SCV  
  38  3:43  SCV  
  39  3:49  Orbital Command  
  39  3:50  Starport, Marine  
  39  3:53  SCV  
  39  3:54  Marine, Factory Reactor  
  39  3:55  Marine  
  43  3:57  SCV  
  44  4:05  SCV  
  44  4:08  Marine  
  44  4:09  SCV  
  47  4:12  Marine x2  
  47  4:13  Supply Depot  
  47  4:16  Orbital Command  
  49  4:18  SCV  
  49  4:21  SCV  
  51  4:26  Marine  
  51  4:27  Barracks  
  51  4:29  Refinery  
  51  4:30  Refinery, Marine x2, SCV  
  55  4:33  SCV  
  55  4:35  Supply Depot  
  56  4:42  Medivac x2, SCV  
  56  4:44  Marine  
  56  4:45  SCV x2  
  64  4:48  Marine x2  
  66  4:54  Factory Tech Lab, SCV  
  66  4:58  Engineering Bay x2, SCV  
  66  4:59  SCV  
  69  5:01  Marine  
  69  5:02  Supply Depot  
  69  5:06  Marine x2, SCV  
  73  5:10  SCV  
  73  5:11  SCV  
  73  5:12  Combat Shield  
  75  5:18  SCV  
  76  5:21  Marine, Starport Reactor  
  76  5:23  Marine, SCV x2  
  76  5:24  Supply Depot  
  76  5:26  Terran Infantry Armor Level 1  
  76  5:28  Terran Infantry Weapons Level 1  
  81  5:31  Siege Tank, Marine  
  85  5:35  SCV  
  85  5:36  Supply Depot  
  85  5:45  Marine x2  
  85  5:46  Marine, SCV x2  
  85  5:47  SCV  
  91  5:50  Supply Depot  
  91  5:51  Marine x2  
  91  5:56  Barracks  
  93  5:57  Barracks  
  93  5:58  SCV  
  93  6:01  Supply Depot  
  93  6:02  SCV x2  
  96  6:05  Siege Tank  
  96  6:10  Medivac  
  101  6:11  Medivac, Marine x2  
  101  6:12  Marine  
  101  6:15  SCV  
  101  6:17  SCV  
  108  6:19  Marine  
  108  6:23  Marine, SCV  
  108  6:25  Supply Depot  
  111  6:26  Armory  
  111  6:29  Supply Depot  
  111  6:31  Marine  
  111  6:32  Marine x2  
  114  6:34  SCV x2  
  114  6:36  Supply Depot  
  114  6:37  Marine  
  117  6:45  Factory, Barracks Reactor, Refinery  
  117  6:46  Barracks Reactor, Widow Mine, SCV  
  120  6:48  Marine  
  120  6:51  Marine  
  120  6:52  Supply Depot  
  122  7:00  Marine x2  
  122  7:01  Marine  
  125  7:05  Medivac x2  
  125  7:08  Widow Mine  
  131  7:12  Command Center, Marine x2  
  133  7:16  Supply Depot  
  133  7:18  Marine x3, Supply Depot  
  138  7:23  Terran Infantry Armor Level 2  
  138  7:25  Terran Infantry Weapons Level 2  
  138  7:26  Marine  
  138  7:27  Marine x2  
  138  7:29  Drilling Claws  
  139  7:30  Marine x3  
  139  7:31  Factory Reactor  
  139  7:33  Widow Mine  
  139  7:35  Marine  
  139  7:36  Marine x2  
  147  7:38  Refinery  
  147  7:41  Terran Vehicle And Ship Armor Level 1  
  147  7:44  Marine, Supply Depot  
  147  7:46  Marine x2  
  150  7:53  SCV x3  
  150  7:54  Marine  
  150  7:55  Marine x3  
  150  7:56  Sensor Tower  
  150  7:58  Widow Mine  
  161  7:59  Concussive Shells  
  161  8:01  Medivac  
  161  8:02  Medivac  
  161  8:03  Sensor Tower  
  165  8:07  Supply Depot  
  165  8:10  Supply Depot  
  165  8:11  Widow Mine  
  165  8:12  Widow Mine  
  172  8:16  Supply Depot  
  172  8:17  Supply Depot  
  167  8:22  Marauder  
  167  8:23  Barracks  
  167  8:25  Barracks  
  167  8:27  Barracks  
  169  8:28  Widow Mine  
  169  8:34  SCV x3  
  174  8:37  Medivac x2  
  178  8:43  Marauder  
  180  8:50  SCV x2  
  180  8:51  SCV  
  180  8:55  Command Center  
  187  8:56  Planetary Fortress  
  187  9:02  Ghost Academy  
  184  9:03  SCV x2  
  184  9:05  Marauder  
  184  9:09  Command Center  
  188  9:11  Barracks Tech Lab x2  
  188  9:13  Barracks Tech Lab  
  188  9:17  Command Center  
  185  9:24  Widow Mine x3, SCV  
  185  9:26  Marauder  
  185  9:34  Marauder x3  
  185  9:37  Refinery x2, Missile Turret  
  191  9:40  Missile Turret  
  193  9:45  Widow Mine  
  193  9:52  Command Center x2  
  193  10:08  Starport x2  
Show
View Real Time Build Order
Export as new Build Order

A.I. 1 (Very Easy) Zerg - Winner!

Build Orders: Pool First 

Get SALT Encoding   

  12  0:01  Drone  
  13  0:12  Overlord  
  13  0:16  Drone  
  14  0:36  Spawning Pool  
  14  0:37  Extractor  
  14  0:39  Drone  
  13  0:46  Drone  
  14  0:51  Overlord  
  14  1:22  Zergling x2  
  14  1:24  Queen  
  17  1:32  Roach Warren  
  16  1:36  Drone  
  17  1:40  Zergling x2, Extractor  
  17  1:43  Drone  
  18  1:57  Drone  
  18  1:58  Zergling x2  
  20  2:08  Drone  
  21  2:19  Drone  
  22  2:29  Drone  
  23  2:31  Overlord  
  23  2:37  Drone  
  24  2:44  Drone  
  25  3:52  Zergling x2  
  25  5:45  Drone, Lair  
  26  5:52  Drone  
  27  5:59  Drone  
  28  6:06  Drone  
  28  6:08  Overlord  
  29  6:14  Drone  
  29  6:15  Zergling x2  
  29  6:21  Drone  
  29  6:38  Zergling x2  
  30  6:42  Overseer  
  30  6:46  Overseer  
  30  6:47  Spire  
  29  7:02  Zergling x2  
  30  7:09  Hatchery  
  30  7:10  Drone  
  30  7:54  Mutalisk  
  32  8:22  Drone  
  33  8:30  Drone  
  33  8:33  Extractor  
  33  8:35  Extractor  
  33  8:37  Drone  
  33  8:44  Drone  
  34  8:51  Drone  
  35  8:58  Drone  
  36  9:05  Drone  
  37  9:13  Drone  
  38  9:20  Drone  
  39  9:27  Drone  
  40  9:34  Drone  
  41  9:42  Drone  
  42  9:49  Drone  
  43  9:56  Drone  
Tags
 
Add a new tag
Caveats
  • Supply blocks, unpowered buildings, or Contaminate may cause inaccurate times.
  • Supply counts are checked every 10 seconds.